 Dungeon Crawl Stone Soup version 0.30.0-20-g3615ddf2f0 (webtiles) character file.

Game seed: 11279096291263326432

50 qw the Chopper (level 3, -3/23 HPs)
             Began as a Gargoyle Fighter on May 29, 2023.
             Slain by a gnoll
             ... wielding a +0 spear
              (7 damage)
             ... on level 2 of the Dungeon.
             The game lasted 00:00:37 (1138 turns).

qw the Chopper (Gargoyle Fighter)                   Turns: 1138, Time: 00:00:38

Health: -3/23      AC: 10    Str: 21    XL:     3   Next: 79%
Magic:  3/3        EV:  9    Int:  8    God:
Gold:   65         SH:  4    Dex:  9    Spells: 2/2 levels left

rFire   . . .        Y - +0 war axe
rCold   . . .        c - +0 buckler
rNeg    + . .        b - +0 scale mail
rPois   inf          (no helmet)
rElec   +            (no cloak)
rCorr   .            (no gloves)
SInv    .            (no boots)
Will    .....        (no amulet) Stlth
                     (no ring)
HPRegen 0.23/turn    (no ring)
MPRegen 0.08/turn

%: no passive effects
@: no status effects
A: sickness immunity, AC +3, negative energy resistance 1, electricity
resistance, torment resistance 1, petrification resistance
a: no special abilities


You were on level 2 of the Dungeon.
You visited 1 branch of the dungeon, and saw 2 of its levels.

You collected 65 gold pieces.


Innate Abilities, Weirdness & Mutations

You are immune to sickness and miasma.
Your stone body is resilient. (AC +3)
You are immune to poison.
You resist negative energy. (rN+)
You are resistant to electric shocks. (rElec)
You are resistant to unholy torment.
You are immune to petrification.


   Skills:
 - Level 3.2 Fighting
 + Level 3.6 Axes
 - Level 3.2 Armour
 - Level 3.2 Shields


You had 2 spell levels left.
You didn't know any spells.
Your spell library was empty.

Inventory:

Hand Weapons
 i - a +0 whip
 Y - a +0 war axe (weapon)
Armour
 b - a +0 scale mail (worn)
 c - a +0 buckler (worn)
Scrolls
 e - a scroll of poison {unknown}
 j - 2 scrolls of identify
Potions
 a - 2 potions of lignification {unknown}
 d - a potion of might
 g - a potion of brilliance {unknown}
 h - a potion of curing
 l - a potion of haste {unknown}

Dungeon Overview and Level Annotations

Branches:
Dungeon (2/15)

Altars:


Message History

The hobgoblin barely misses you.
The hobgoblin hits you but does no damage.
You closely miss the hobgoblin.
The hobgoblin hits you but does no damage.
You closely miss the hobgoblin. The hobgoblin misses you.
You closely miss the hobgoblin. The hobgoblin hits you.
The hobgoblin closely misses you.
You hit the hobgoblin but do no damage. The hobgoblin completely misses you.
You slash the hobgoblin!
You kill the hobgoblin!
You start resting.
HP restored.
You now have 65 gold pieces (gained 12).
You see here a hobgoblin corpse.
j - 2 scrolls of identify (gained 1)
Found a faded altar of an unknown god.
Enter note:
Enter note:
Enter note:
Enter note:
Enter note:
Enter note: 4 gnolls come into view.
The gnoll shouts! x2
Enter note:
Enter note:
Enter note:
Enter note:
Enter note:
Enter note:
1136 ||| Stepping ~*~*~tactically~*~*~ (hiding).
The gnoll hits you with a +0 halberd! The gnoll barely misses you.
You closely miss the gnoll. The gnoll completely misses you.
The gnoll hits you from afar with a +0 spear.
The gnoll hits you with a +0 halberd!
The gnoll hits you from afar with a +0 spear!
You die...

#........#
##.....##.#
.........##.#
.###.#...##.#
#.....##.#
.....###.#
##.#.## #.#
#.#.####.#
#...@....####
###g#.......###
#g#.#..#....#
#g###8.8##..#
#g ##..##### ..
##..## ..
###.P# ..
#...## #.P###


You could see 4 gnolls.

Vanquished Creatures
  An adder (D:2)
  A dart slug (D:1)
  4 ball pythons
  4 endoplasms (D:1)
  2 giant cockroaches (D:1)
  7 goblins
  4 hobgoblins
  2 quokkas (D:1)
  2 frilled lizards
  6 kobolds (D:1)
  A rat (D:1)
34 creatures vanquished.

Notes
Turn   | Place    | Note
-------+----------+-------------------------------------------
     0 | D:1      | qw the Gargoyle Fighter began the quest for the Orb.
     0 | D:1      | Reached XP level 1. HP: 14/14 MP: 1/1
     0 | D:1      | 0 ||| qw: Version: 0.2-a-101-gf424e7f
     0 | D:1      | 0 ||| qw: Game counter: 352
     0 | D:1      | 0 ||| qw: Always use a shield: true
     0 | D:1      | 0 ||| qw: God list: Okawaru
     0 | D:1      | 0 ||| qw: Allow faded altars: false
     0 | D:1      | 0 ||| qw: Do Orc after D:15 true
     0 | D:1      | 0 ||| qw: Do second Lair branch before Depths: true
     0 | D:1      | 0 ||| qw: Lair rune preference: random
     0 | D:1      | 0 ||| qw: Plans: Normal, Zot:1-4, Slime:5, God:TSO, Crypt,
                  | Tomb, Pan, Hells, Abyss, Win
     0 | D:1      | 0 ||| PLANNING D:1-11
    86 | D:1      | 86 ||| Stepping ~*~*~tactically~*~*~ (hiding).
    87 | D:1      | 87 ||| Stepping ~*~*~tactically~*~*~ (hiding).
   279 | D:1      | Reached XP level 2. HP: 16/19 MP: 2/2
   438 | D:1      | 438 ||| Stepping ~*~*~tactically~*~*~ (stealth).
   501 | D:1      | Reached skill level 3 in Axes
   540 | D:1      | Reached XP level 3. HP: 23/23 MP: 3/3
   770 | D:1      | 770 ||| DROPPING amulet of magic regeneration.
   771 | D:1      | 771 ||| READING scroll labelled KAEZXEXKIESA.
   786 | D:1      | 786 ||| READING scroll labelled NUSE DOXAE.
   787 | D:1      | 787 ||| READING 2 scrolls labelled LARGHO UDISOPE.
   788 | D:1      | 788 ||| DRINKING 2 smoky inky potions.
   944 | D:2      | 944 ||| FLEEEEING.
  1121 | D:2      | Found a faded altar of an unknown god.
  1136 | D:2      | 1136 ||| Stepping ~*~*~tactically~*~*~ (hiding).
  1138 | D:2      | HP: 4/23 [gnoll/+0 halberd (10)]
  1138 | D:2      | Slain by a gnoll

Levels and vault maps discovered:
D:1:      lightli_arrival_chessboard, layout_loops_ring, nrook_mini_backslash
D:2:      layout_loops_corners, shapermc_ecumenical_altar_petra, st_stairs_8,
          grunt_ministairs_13

Skill      XL: |  1  2 |
---------------+-------+-----
Axes           | 2 3 |  3.6
Fighting       | |  3.2
Armour         | |  3.2
Shields        | |  3.2

Action                     || total
---------------------------++-------
  Melee: War axe           ||    98
    Use: Scroll            ||     3
         Potion            ||     1
 Armour: Scale mail        ||    36
  Dodge: Dodged            ||    43
  Block: Buckler           ||    14

Table legend:
 A = Non-vault XP
 B = Vault XP
 C = Vault XP percentage of total XP
 D = Non-vault monster count
 E = Vault monster count
 F = Vault count percentage of total count
                 A         B        C        D         E       F
            +---------+---------+-------+---------+---------+-------
      Total |      54 |      18 |  25.0 |      31 |       3 |   8.8
            +---------+---------+-------+---------+---------+-------
        D:1 |      43 |       0 |   0.0 |      25 |       0 |   0.0
        D:2 |      11 |      18 |  62.1 |       6 |       3 |  33.3
            +---------+---------+-------+---------+---------+-------
